 Dungeon Crawl Stone Soup version 0.31-a0-981-geadf994542 (webtiles) character file.

Game seed: 17372944163303774208

114 Maratek the Stinger (level 4, -3/24 HPs)
             Began as a Deep Elf Venom Mage on Oct 31, 2023.
             Shot with an arrow by a centaur (11 damage)
             ... on level 4 of the Dungeon.
             The game lasted 00:03:56 (2153 turns).

Maratek the Stinger (Deep Elf Venom Mage)           Turns: 2153, Time: 00:03:57

Health: -3/24      AC:  2    Str:  5    XL:     4   Next: 67%
Magic:  12/12      EV: 12    Int: 22    God:
Gold:   122        SH:  0    Dex: 15    Spells: 11/12 levels left

rFire   + . .        g - staff of fire
rCold   + . .        (no shield)
rNeg    . . .        a - +0 robe
rPois   .            (no helmet)
rElec   .            (no cloak)
rCorr   .            (no gloves)
SInv    .            (no boots)
Will    .....        (no amulet)
Stlth   ++           f - ring of protection from cold
HPRegen 0.24/turn    (no ring)
MPRegen 0.13/turn

%: no passive effects
@: no status effects
A: no striking features
a: no special abilities


You were on level 4 of the Dungeon.
You visited 1 branch of the dungeon, and saw 4 of its levels.

You collected 122 gold pieces.

Inventory:

Armour
 a - a +0 robe (worn)
Magical Staves
 g - a staff of fire (weapon)
Jewellery
 f - a ring of protection from cold (left hand)
 j - a +6 ring of intelligence
Scrolls
 d - 2 scrolls of revelation
 h - 3 scrolls of identify {unknown}
Potions
 b - a potion of magic
 c - a potion of resistance {unknown}
 e - 5 potions of curing {unknown}
 i - a potion of heal wounds {unknown}
 k - a potion of haste {unknown}


   Skills:
 + Level 0.1 Fighting
 + Level 2.6 Dodging
 + Level 2.8 Stealth
 + Level 4.5 Spellcasting
 + Level 1.8 Transmutations
 + Level 4.7 Poison Magic


You had 11 spell levels left.
You knew the following spells:

 Your Spells              Type           Power      Damage    Failure   Level
a - Sting                 Tmut/Pois      76%        1d6       2%          1

Your spell library contained the following spells:

 Spells                   Type           Power      Damage    Failure   Level
 Poisonous Vapours        Pois/Air       30%        N/A       6%          2
 Olgreb's Toxic Radiance  Pois           25%        N/A       16%         4
 Mephitic Cloud           Conj/Pois/Air  11%        N/A       17%         3


Dungeon Overview and Level Annotations

Branches:
Dungeon (4/15)
 Temple: D:4-7

Altars:

Shops:
D:3 !

Annotations:
D:3 Ijyb


Message History

You now have 122 gold pieces (gained 9).
h - 3 scrolls labelled MYTZEPHUYTU
Found a robe.
No target in view!
No target in view!
j - a +6 ring of intelligence A gnoll comes into view.
It is wielding a +0 spear.
A gnoll is nearby!
A frilled lizard comes into view.
The gnoll shouts!
You hear a shout! x2
A gnoll comes into view. It is wielding a +0 club.
A gnoll comes into view. It is wielding a +0 quarterstaff.
Found a spear.
A gnoll comes into view. It is wielding a +0 club.
Ijyb the Twisted Goblin comes into view.
She is wielding a +1 dagger of speed and carrying a wand of mindburst.
The gnoll moves out of view.
Ijyb zaps a wand.
You barely resist. The gnoll closely misses you.
The gnoll hits you from afar with a +0 spear!
The gnoll attacks as it pursues you!
The gnoll hits you from afar with a +0 spear.
The gnoll attacks as it pursues you! The gnoll closely misses you.
The gnoll attacks as it pursues you!
The gnoll hits you from afar with a +0 spear.
The gnoll hits you from afar with a +0 spear.
* * * LOW HITPOINT WARNING * * *
There is an escape hatch in the floor here.
The gnoll closely misses you.
You slide downwards.
The hatch slams shut behind you.
You start resting.
A centaur comes into view.
A centaur is nearby!
You are too injured to fight recklessly!
You are too injured to fight recklessly!
The centaur shouts!
The centaur wields a +0 orcbow.
The centaur shoots an arrow.
The arrow barely misses you.
The centaur shoots an arrow.
The arrow closely misses you.
The centaur shoots an arrow.
The arrow hits you!
You die...

... ... # ...
##. #.# #
..###.#####
##.##c.......#
.............#
#..@.....#
##........#
#.........#
#.........#
............#
......#######
#######


You could see a centaur.

Vanquished Creatures
  An iguana (D:3)
  3 adders (D:2)
  A worm (D:3)
  A dart slug (D:1)
  7 ball pythons
  3 endoplasms
  3 giant cockroaches
  5 goblins
  6 hobgoblins
  4 jackals (D:1)
  5 kobolds
  3 quokkas
  7 bats
  A frilled lizard (D:1)
  A rat (D:2)
51 creatures vanquished.

Notes
Turn   | Place    | Note
-------+----------+-------------------------------------------
     0 | D:1      | Maratek the Deep Elf Venom Mage began the quest for the
                  | Orb.
     0 | D:1      | Reached XP level 1. HP: 10/10 MP: 6/6
    68 | D:1      | Reached XP level 2. HP: 6/15 MP: 0/8
   316 | D:1      | You fall into a shaft and drop 1 floor!
   709 | D:1      | Reached XP level 3. HP: 18/19 MP: 7/10
  1454 | D:2      | Found a faded altar of an unknown god.
  1576 | D:2      | Reached XP level 4. HP: 23/24 MP: 8/12
  2000 | D:3      | Found Jureedwe's Distillery.
  2114 | D:3      | Noticed Ijyb
  2150 | D:4      | Noticed a centaur
  2153 | D:4      | Shot with an arrow by a centaur

Illustrated notes

Levels and vault maps discovered:
D:1:      nzn_arrival_depleted_hourglass, layout_loops_ring, minmay_tetromino_o4
D:2:      layout_loops_ring, basic_ecumenical_altar
D:3:      layout_basic, serial_shops, nicolae_shop_real_fake_doors, shop, shop,
          nicolae_square_shop, uniq_natasha, uniq_ijyb
D:4:      layout_basic, nicolae_ru_awakened_eye, minmay_temple_entry_hall,
          uniq_sigmund, uniq_eustachio, uniq_grinder, uniq_edmund,
          uniq_crazy_yiuf_cottage

Skill      XL: |  1  2  3 |
---------------+----------+-----
Spellcasting   | 4 |  4.5
Poison Magic   | 4 |  4.7
Fighting       | |  0.1
Dodging        | |  2.6
Stealth        | |  2.8
Transmutations | |  1.8

Action                     |  1- 3 |  4- 6 || total
---------------------------+-------+-------++-------
  Melee: Unarmed           |     1 |       ||     1
         Staff             |       |     3 ||     3
   Cast: Sting             |    72 |    30 ||   102
    Use: Scroll            |     3 |     4 ||     7
 Armour: Robe              |    31 |    14 ||    45
  Dodge: Dodged            |    34 |    19 ||    53

Table legend: (Time is in decaauts)
 A = Elapsed time spent in this place.
 B = Non-inter-level travel time spent in this place.
 C = Inter-level travel time spent in this place.
 D = Time resting spent in this place.
 E = Time spent auto-exploring this place.
 F = Levels seen in this place.
 G = Mean time per level.
                   A        B        C        D        E       F      G
               +--------+--------+--------+--------+--------+-----+--------+
         Total |   2152 |   2089 |     63 |     14 |   1742 |   4 |  538.0 |
       Dungeon |   2152 |   2089 |     63 |     14 |   1742 |   4 |  538.0 |
               +--------+--------+--------+--------+--------+-----+--------+

Top non-repeatable levels by time:
     D:1: 1014 daAuts
     D:2: 938 daAuts
     D:3: 182 daAuts
     D:4: 16 daAuts
